 Dungeon Crawl Stone Soup version 0.21.1-1-g345015f (webtiles) character file.

105 glosham the Chopper (level 4, -13/31 HPs)
             Began as an Octopode Berserker on Apr 7, 2018.
             Was a Follower of Trog.
             Mangled by an ogre
             ... wielding a +0 giant spiked club
              (18 damage)
             ... on level 4 of the Dungeon.
             The game lasted 00:08:07 (435 turns).

glosham the Chopper (Octopode Berserker)             Turns: 435, Time: 00:08:07

Health: -13/31     AC:  1    Str: 22    XL:     4   Next: 83%
Magic:  4/4        EV: 12    Int:  9    God:    Trog [*.....]
Gold:   2          SH:  0    Dex: 11    Spells: 3/3 levels left

rFire    + . .     SeeInvis .   a - +0 hand axe
rCold    . . .     Gourm    .   (no shield)
rNeg     . . .     Faith    .   (helmet restricted)
rPois    .         Spirit   .   (no amulet)
rElec    .         Reflect  .   A - ring of flight
rCorr    .         Harm     .   B - ring of protection from fire
MR       ++...                  e - -2 ring of evasion (curse)
Stlth    ++........             (no ring)
HPRegen  1.10/turn              (no ring)
MPRegen  0.09/turn              (no ring)
                                (no ring)
                                (no ring)

@: mighty, berserk cooldown, regenerating, slowed, very slow
A: almost no armour, stealthy swim, amphibious, 8 rings, constrict 8, camouflage
1, gelatinous body 1
a: Berserk, Burn Spellbooks, Renounce Religion, Evoke Flight


You were on level 4 of the Dungeon.
You worshipped Trog.
Trog was aware of your devotion.
You were hungry.

You visited 1 branch of the dungeon, and saw 5 of its levels.

You collected 2 gold pieces.

Inventory:

Hand Weapons
 a - a +0 hand axe (weapon)
Jewellery
 e - a cursed -2 ring of evasion (on tentacle)
 A - a ring of flight (left tentacle)
 B - a ring of protection from fire (right tentacle)
Comestibles
 b - 3 rations
 c - 10 chunks of flesh


   Skills:
 - Level 3.0 Fighting
 * Level 5.4 Axes
 - Level 3.0 Dodging


You had 3 spell levels left.
You didn't know any spells.

Dungeon Overview and Level Annotations

Branches:
Dungeon (5/15)
 Temple: D:4-7

Altars:
Ashenzari


Innate Abilities, Weirdness & Mutations

You cannot wear most types of armour.
You are very stealthy in the water. (Stealth+)
You are amphibious.
You can wear up to eight rings at the same time.
You can use your tentacles to constrict eight enemies at once.
Your skin changes colour to match your surroundings (Stealth+).
Your rubbery body absorbs attacks. (AC +1, EV +1)


Message History

A jackal comes into view.
The jackal barks!
A jackal comes into view.
You hit the jackal. Your grab misses the jackal.
The jackal is moderately wounded.
The jackal closely misses you. The jackal barely misses you.
An ogre comes into view. It is wielding a giant spiked club.
The ogre shouts!
You hit the jackal. Your grab misses the jackal.
You squeeze the jackal, but do no damage.
The jackal is almost dead.
You hear a bark!
The jackal bites you. The jackal closely misses you.
You barely miss the jackal. You grab the jackal.
You kill the jackal!
Trog accepts your kill.
You can now call upon Trog for regeneration and magic resistance.
It was a potion of might.
You feel very mighty all of a sudden. The jackal closely misses you.
Okay, then.
Adjust (i)tems, (s)pells, or (a)bilities?
Adjust which ability? b - Trog's Hand Adjust to which letter? t - Trog's Hand Your skin crawls.
You feel resistant to hostile enchantments.
You are feeling hungry.
You can no longer call upon Trog for regeneration and magic resistance.
The jackal bites you. x2
* * * LOW HITPOINT WARNING * * *
The jackal bites you.
* * * LOW HITPOINT WARNING * * *
You slash the jackal!
You kill the jackal!
Trog accepts your kill.
The ogre hits you with a giant spiked club!!
Ouch! That really hurt!
You die...

#####...
#.#.#>..# #
#......###.#
.
##.........#
.
##.....#####
##
..##.....##
.....#..##
..#....#
#..##.#O####
+. #...@..#
####.#.# #.#
# #.# #.#
#.# #.# #.#


You could see an ogre.

Vanquished Creatures
  A centaur skeleton (D:4)
  An orc wizard (D:5)
  A worker ant zombie (D:5)
  An adder (D:2)
  A dart slug (D:1)
  4 orcs (D:5)
  2 bats
  A giant cockroach (D:1)
  3 goblins
  3 hobgoblins
  3 jackals (D:4)
  2 kobolds
  A frilled lizard (D:2)
  3 rats (D:1)
27 creatures vanquished.

Notes
Turn   | Place    | Note
-------+----------+-------------------------------------------
     0 | D:1      | glosham the Octopode Berserker began the quest for the Orb.
     0 | D:1      | Reached XP level 1. HP: 16/16 MP: 1/1
    70 | D:1      | Reached XP level 2. HP: 15/21 MP: 2/2
   132 | D:2      | Reached skill level 4 in Axes
   227 | D:3      | Reached XP level 3. HP: 16/26 MP: 3/3
   257 | D:3      | Found a shattered altar of Ashenzari.
   333 | D:5      | Entered Level 5 of the Dungeon
   366 | D:5      | Reached skill level 5 in Axes
   366 | D:5      | Reached XP level 4. HP: 5/31 MP: 4/4
   431 | D:4      | Noticed an ogre
   432 | D:4      | Reached ** piety under Trog
   435 | D:4      | Mangled by an ogre

Skill      XL: |  1  2  3 |
---------------+----------+-----
Axes           | 4 5 |  5.4
Fighting       | |  3.0
Dodging        | |  3.0

Action                   |  1- 3 |  4- 6 || total
-------------------------+-------+-------++-------
Melee: Hand axe          |    49 |     8 ||    57
       Constrict         |    14 |     2 ||    16
       Tentacles         |     6 |     3 ||     9
Invok: Berserk           |     1 |     1 ||     2
       Trog's Hand       |       |     1 ||     1
  Use: Scroll            |     2 |       ||     2
       Potion            |       |     1 ||     1
 Stab: Sleeping          |     3 |       ||     3
Armor: Skin              |     3 |       ||     3
Dodge: Dodged            |    21 |     9 ||    30

Table legend:
 A = Turns spent in this place as a percentage of turns spent in the entire game.
 B = Non-inter-level travel turns spent in this place as a percentage of non-inter-level travel turns spent in the entire game.
 C = Inter-level travel turns spent in this place as a percentage of turns spent in this place.
 D = Turns resting spent in this place as a percentage of non-inter-level travel turns spent in this place.
 E = Turns spent auto-exploring this place as a percentage of non-inter-level travel turns spent in this place.
 F = Non-inter-level travel turns spent in this place divided by the number of levels of this place that you've seen.
                   A       B       C       D       E      F
               +-------+-------+-------+-------+-------+----------------------
         Total | 100.0 | 100.0 |   0.0 |   0.5 |   0.0 |  87.0
       Dungeon | 100.0 | 100.0 |   0.0 |   0.5 |   0.0 |  87.0
               +-------+-------+-------+-------+-------+----------------------

Table legend:
 A = Kills in this place as a percentage of kills in entire the game.
 B = Kills by you in this place as a percentage of kills by you in the entire game.
 C = Kills by friends in this place as a percentage of kills by friends in the entire game.
 D = Other kills in this place as a percentage of other kills in the entire game.
 E = Experience gained in this place as a percentage of experience gained in the entire game.
 F = Experience gained in this place divided by the number of levels of this place that you have seen.
                   A       B       C       D       E      F
               +-------+-------+-------+-------+-------+----------------------
         Total | 100.0 | 100.0 |   N/A |   N/A | 100.0 |  30.2
       Dungeon | 100.0 | 100.0 |   N/A |   N/A | 100.0 |  30.2
               +-------+-------+-------+-------+-------+----------------------

Vault maps used:
D:1:      scummos_arrival_simple_crosswalls, minmay_crystal_water,
          minmay_liquid_box
D:2:      first_ration, minmay_tetromino_s4
D:3:      nicolae_overflow_crystal_walls
D:4:      corexii_shantytown, kennysheep_mini
D:5:      minitemple, minmay_temple_entry_hall, basic_altar, minivault_5
